 Dungeon Crawl Stone Soup version 0.31-a0-196-g86fe4a5e66 (webtiles) character file.

Game seed: 15244383329553911253

940 nono the Covered (level 7, -5/56 (64) HPs)
             Began as an Armataur Fighter on June 24, 2023.
             Was an Initiate of Okawaru.
             Slain by a wight
             ... wielding a +5 great sword
              (17 damage)
             ... on level 6 of the Dungeon.
             The game lasted 00:12:27 (5268 turns).

nono the Covered (Armataur Fighter)                 Turns: 5268, Time: 00:12:27

HP:   -5/56 (64)    AC: 11    Str: 23    XL:     7   Next: 88%
MP:   7/7           EV:  6    Int:  8    God:    Okawaru [......]
Gold: 585           SH:  5    Dex: 10    Spells: 6/6 levels left

rFire   . . .        x - +2 whip (venom)
rCold   . . .        c - +0 buckler
rNeg    . . .        F - +0 chain mail
rPois   .            (no helmet)
rElec   .            l - +1 cloak
rCorr   .            (no gloves)
SInv    .            (no barding)
Will    .....        (no amulet) Stlth
                     (no ring)
HPRegen 0.29/turn    (no ring)
MPRegen 0.10/turn

%: roll
@: heavily drained
A: large, rugged brown scales 3, deformed body, armoured tail, roll, long
tongue, awkward tongue
a: Renounce Religion


You were on level 6 of the Dungeon.
You worshipped Okawaru.
Okawaru was noncommittal.
You visited 2 branches of the dungeon, and saw 7 of its levels.
You also visited: Ossuary.

You collected 719 gold pieces.
You spent 134 gold pieces at shops.

Inventory:

Hand Weapons
 a - a +0 flail
 i - a +2 dagger of freezing
 n - a +0 dagger of venom
 s - a +3 short sword of venom
 x - a +2 whip of venom (weapon)
 G - a +0 whip
Armour
 b - a +0 scale mail
 c - a +0 buckler (worn)
 l - a +1 cloak (worn)
 F - a +0 chain mail (worn)
Wands
 j - a wand of acid (6)
 D - a wand of flame (26)
Scrolls
 f - 2 scrolls of amnesia {unknown}
 g - 2 scrolls of enchant weapon
 h - a scroll of vulnerability {unknown}
 k - 2 scrolls of fog {unknown}
 m - 2 scrolls of noise {unknown}
 r - 2 scrolls of enchant armour {unknown}
 w - 3 scrolls of silence {unknown}
 y - 2 scrolls of teleportation {unknown}
 B - a scroll of torment {unknown}
 E - a scroll of immolation {unknown}
Potions
 d - 2 potions of degeneration {unknown}
 e - 3 potions of magic {unknown}
 o - a potion of heal wounds
 p - a potion of cancellation
 q - a potion of lignification
 t - 7 potions of curing
 u - 2 potions of attraction {unknown}
 v - 3 potions of ambrosia {unknown}
 z - 3 potions of invisibility
 A - 3 potions of enlightenment {unknown}
 C - 2 potions of mutation {unknown}


   Skills:
 + Level 4.9 Fighting
 + Level 4.3 Maces & Flails
 + Level 6.5 Armour
 + Level 5.9 Shields


You had 6 spell levels left.
You didn't know any spells.
Your spell library contained the following spells:

 Spells                   Type           Power      Damage    Failure   Level
 Apportation              Tloc           0%         N/A       95%         1
 Necrotise                Necr           0%         1d4       95%         1
 Lesser Beckoning         Tloc           0%         N/A       99%         2
 Gell's Gravitas          Tloc           0%         N/A       100%        3
 Ozocubu's Armour         Ice            0%         N/A       100%        3
 Teleport Other           Tloc           0%         N/A       100%        3
 Volatile Blastmotes      Fire/Tloc      0%         2d10      100%        3
 Fulminant Prism          Conj/Hex       0%         3d5       100%        4
 Iskenderun's Mystic Bla  Conj/Tloc      0%         2d3       100%        4
 Lee's Rapid Deconstruct  Erth           0%         3d4*      100%        5
 Ozocubu's Refrigeration  Ice            0%         4d7       100%        7
 Summon Small Mammal      Summ           Unusable   N/A       N/A         1

Dungeon Overview and Level Annotations

Branches:
Dungeon (6/15)             Temple (1/1) D:6         Ossuary (visited)

Altars:
Ashenzari
Cheibriados
Fedhas
Gozag
Hepliaklqana
Kikubaaqudgha
Makhleb
Nemelex Xobeh
Okawaru
Qazlal
Ru
Uskayaw
Vehumet
Wu Jian
Yredelemnul

Shops:
D:2 !   D:3 !


Innate Abilities, Weirdness & Mutations

You are completely covered in rugged brown scales. (AC +3, +7% HP)
Armour fits poorly on your strangely shaped body.
You have a long armoured tail.
You roll when moving toward enemies. (Rampage)
Your long tongue fully drains potion bottles. (2x potion effects)
Your tongue gives you trouble enunciating. (1.5x scroll delay)


Message History

You hit the wight but do no damage. You block the wight's attack.
You closely miss the wight. You tail-slap the wight.
The wight is moderately damaged.
You barely miss the wight.
Your tail-slap misses the wight.
The wight is moderately damaged.
The wight hits you with a +5 great sword!
* * * LOW HITPOINT WARNING * * *
Okay, then.
You barely miss the wight. You tail-slap the wight!
The wight is almost destroyed.
The wight hits you but does no damage.
You barely miss the wight.
The wight is almost destroyed.
The wight hits you with a +5 great sword!
* * * LOW HITPOINT WARNING * * *
You feel better.
You slurp down every last drop of the potion of curing!
The wight hits you with a +5 great sword.
* * * LOW HITPOINT WARNING * * *
You feel drained.
* * * LOW HITPOINT WARNING * * *
You closely miss the wight.
The wight is almost destroyed.
The wight hits you with a +5 great sword.
* * * LOW HITPOINT WARNING * * *
You feel drained.
You hit the wight but do no damage.
Your tail-slap misses the wight.
The wight is almost destroyed.
The wight hits you but does no damage.
You hit the wight.
The wight is almost destroyed.
The wight completely misses you.
You hit the wight but do no damage.
The wight is almost destroyed.
The wight barely misses you.
You hit the wight but do no damage.
You tail-slap the wight, but do no damage.
The wight is almost destroyed.
The wight hits you with a +5 great sword!
You die...

# #........# #
##...#..
######.)####.###
.......#####.#..
..#.).)......#.#
#....######....###
##..## #.....#
##.#### #.#.#.#
......# #...#@#
...##.# ###..##z#
##..#.# #....##.#
##...####.#.##..#
##.......#...##.##
.).........###..#
###..####......##
###... #.##...#
....##. #.###..#


You could see a wight.

Vanquished Creatures
  An ogre (D:5)
  Blork the orc (D:4)
  2 wights (D:6)
  The ghost of jt the Sneak, a weakling DjDe (D:5)
  2 orc priests
  3 hounds
  2 jellies
  4 orc wizards
  Ijyb (D:4)
  3 iguanas
  8 mummies (Ossuary)
  3 gnolls (D:6)
  3 adders
  A worm (D:2)
  4 dart slugs
  16 orcs
  5 endoplasms
  3 giant cockroaches
  2 gnoll zombies (Ossuary)
  2 goblins
  3 hobgoblins
  4 jackals
  3 quokkas
  4 ball pythons
  8 bats
  4 frilled lizards
  2 hobgoblin zombies (Ossuary)
  6 kobolds
  2 kobold zombies (Ossuary)
  2 orc zombies (Ossuary)
  12 rats
117 creatures vanquished.

Vanquished Creatures (others)
  An orc (D:4)
1 creature vanquished.

Grand Total: 118 creatures vanquished

Notes
Turn   | Place    | Note
-------+----------+-------------------------------------------
     0 | D:1      | nono the Armataur Fighter began the quest for the Orb.
     0 | D:1      | Reached XP level 1. HP: 19/19 MP: 1/1
    94 | D:1      | Reached XP level 2. HP: 26/26 MP: 2/2
   312 | D:1      | Reached skill level 4 in Armour
   627 | D:1      | Found a faded altar of an unknown god.
   953 | D:2      | Reached XP level 3. HP: 33/33 MP: 3/3
  1361 | D:2      | Found Wuinugiz's Distillery.
  1366 | D:2      | Bought a potion of might for 56 gold pieces
  1366 | D:2      | Bought a potion of curing for 42 gold pieces
  1530 | D:3      | Found Pageud's Distillery.
  1538 | D:3      | Bought a potion of curing for 36 gold pieces
  1668 | D:3      | Found an opulent altar of Gozag.
  1701 | D:3      | Found a stormy altar of Qazlal.
  2017 | D:3      | Reached XP level 4. HP: 40/40 MP: 4/4
  2446 | D:4      | Noticed Ijyb
  2463 | D:4      | Killed Ijyb
  2464 | D:4      | Reached XP level 5. HP: 35/48 MP: 5/5
  2565 | D:4      | Found a sand-covered staircase.
  2575 | Ossuary  | Entered an ossuary
  2604 | Ossuary  | Reached skill level 5 in Armour
  2782 | Ossuary  | Reached XP level 6. HP: 21/55 MP: 6/6
  3225 | D:4      | Noticed Blork the orc
  3237 | D:4      | Killed Blork the orc
  3465 | D:4      | Reached skill level 5 in Shields
  3633 | D:5      | Entered Level 5 of the Dungeon
  3711 | D:5      | Found a transporter.
  3713 | D:5      | Found a transporter.
  3713 | D:5      | Noticed jt's ghost (weakling DjDe)
  3788 | D:5      | Killed jt's ghost
  3793 | D:5      | Reached XP level 7. HP: 34/64 MP: 7/7
  4353 | D:5      | Reached skill level 6 in Armour
  4577 | D:6      | Found a radiant altar of Vehumet.
  4581 | D:6      | Found a staircase to the Ecumenical Temple.
  4591 | Temple   | Entered the Ecumenical Temple
  4764 | Temple   | Became a worshipper of Warmaster Okawaru
  4862 | D:6      | Found a snail-covered altar of Cheibriados.
  5268 | D:6      | Slain by a wight

Illustrated notes

Levels and vault maps discovered:
D:1:      co_arrival_hexagon_in_a_hexagon, layout_basic,
          shapermc_ecumenical_altar_mp_ritualfount, corexii_corridor_pit,
          minmay_rat_gold_closets
D:2:      layout_loops_ring, serial_shops, shop
D:3:      layout_loops_cross, mainiacjoe_overflow_catch_the_wave, serial_shops,
          nicolae_shop_tiny_statue_garden, st_stairs_7,
          kennysheep_generic_room_9
D:4:      layout_loops_ring, nicolae_ossuary_entry_monument,
          minmay_misc_feat_square, uniq_ijyb, uniq_blork_the_orc
D:5:      layout_loops_ring, gammafunk_ghost_smash
D:6:      layout_rooms, kennysheep_mini, amcnicky_altar_gilded, temple_statues
Temple:   nicolae_temple_bog_church

Skill      XL: |  1  2  3  4  5  6  7 |
---------------+----------------------+-----
Maces & Flails | 2 3 4 |  4.3
Armour         | 4 5 6 |  6.5
Fighting       | 3 4 |  4.9
Shields        | 4 5 |  5.9

Action                     |  1- 3 |  4- 6 |  7- 9 || total
---------------------------+-------+-------+-------++-------
  Melee: Flail             |    53 |       |       ||    53
         Tailslap          |    15 |    19 |    16 ||    50
         Dagger            |    43 |       |       ||    43
         Short sword       |    41 |     5 |       ||    46
         Whip              |       |   167 |   118 ||   285
    Use: Scroll            |     1 |     4 |       ||     5
         Potion            |       |     3 |     1 ||     4
 Armour: Scale mail        |    65 |    77 |    19 ||   161
         Chain mail        |       |       |    21 ||    21
  Dodge: Dodged            |    45 |    37 |    26 ||   108
  Block: Buckler           |    31 |    20 |    19 ||    70

Table legend: (Time is in decaauts)
 A = Elapsed time spent in this place.
 B = Non-inter-level travel time spent in this place.
 C = Inter-level travel time spent in this place.
 D = Time resting spent in this place.
 E = Time spent auto-exploring this place.
 F = Levels seen in this place.
 G = Mean time per level.
                   A        B        C        D        E       F      G
               +--------+--------+--------+--------+--------+-----+--------+
         Total |   5272 |   5027 |    245 |      0 |   3863 |   8 |  659.0 |
       Dungeon |   4536 |   4330 |    206 |      0 |   3300 |   6 |  756.0 |
        Temple |    186 |    147 |     39 |      0 |    137 |   1 |  186.0 |
       Ossuary |    548 |    548 |      0 |      0 |    426 |   1 |  548.0 |
               +--------+--------+--------+--------+--------+-----+--------+

Top non-repeatable levels by time:
     D:5: 932 daAuts
     D:1: 848 daAuts
     D:4: 816 daAuts
     D:3: 810 daAuts
     D:2: 623 daAuts
 Ossuary: 548 daAuts
     D:6: 505 daAuts
  Temple: 186 daAuts
